 Dungeon Crawl Stone Soup version 0.23-a0-448-g1c01f63 (webtiles) character file.

12353 Dfrag the Arsonist (level 11, -14/81 HPs)
             Began as a Naga Fire Elementalist on Nov 20, 2018.
             Was an Elder of Vehumet.
             Demolished by Snorg (15 damage)
             ... on level 11 of the Dungeon.
             The game lasted 00:18:41 (9873 turns).

Dfrag the Arsonist (Naga Fire Elementalist)         Turns: 9873, Time: 00:18:42

Health: -14/81     AC: 10    Str: 11    XL:     11   Next: 92%
Magic:  8/34       EV:  9    Int: 18    God:    Vehumet [****..]
Gold:   572        SH:  0    Dex: 12    Spells: 17/30 levels left

rFire    + + .     SeeInvis +   w - +0 dire flail (venom)
rCold    x . .     Gourm    .   (shield currently unavailable)
rNeg     . . .     Faith    .   Q - +2 leather armour {rF+}
rPois    +         Spirit   .   (no helmet)
rElec    .         Reflect  .   q - +2 cloak {+Inv}
rCorr    .         Harm     .   (no gloves)
MR       +....                  (no barding)
Stlth    ++........             (no amulet)
HPRegen  0.23/turn              y - ring of fire
MPRegen  0.24/turn              t - ring of magical power

@: very slow
A: large, see invisible, deformed body, poison resistance, slowness 2, slow
metabolism 1, spit poison 1, AC +3
a: Spit Poison, Renounce Religion, Evoke Invisibility


You were on level 11 of the Dungeon.
You worshipped Vehumet.
Vehumet was greatly pleased with you.
You were hungry.

You visited 2 branches of the dungeon, and saw 12 of its levels.

You collected 572 gold pieces.

Inventory:

Hand Weapons
 w - a +0 dire flail of venom (weapon)
Armour
 a - a +0 robe
 q - a +2 cloak of invisibility (worn)
 H - a +1 leather armour of fire resistance
 Q - a +2 leather armour of fire resistance (worn)
Magical Staves
 O - an uncursed staff of air
Jewellery
 p - a +3 ring of protection
 t - a ring of magical power (right hand)
 y - a ring of fire (left hand)
 D - an uncursed amulet of faith
 F - an uncursed ring of protection from magic
 N - a cursed -5 ring of slaying {unknown}
Wands
 n - a wand of flame (17)
 z - a wand of iceblast (5)
 A - a wand of paralysis (7)
 E - a wand of clouds (8)
 I - a wand of polymorph (6)
 J - a wand of enslavement (8)
Scrolls
 g - 2 scrolls of noise
 h - 2 scrolls of random uselessness
 i - 4 scrolls of identify
 j - 5 scrolls of teleportation
 k - 5 scrolls of remove curse
 l - 2 scrolls of blinking
 m - 3 scrolls of magic mapping {unknown}
 r - 2 scrolls of amnesia
 u - 3 scrolls of immolation
 B - 2 scrolls of acquirement {unknown}
 C - a scroll of vulnerability {unknown}
 K - 2 scrolls of fog {unknown}
 P - a scroll of enchant armour {unknown}
Potions
 b - 2 potions of ambrosia
 d - 5 potions of curing
 e - 2 potions of might {unknown}
 f - a potion of haste {unknown}
 o - a potion of invisibility
 s - 3 potions of flight {unknown}
 v - a potion of berserk rage {unknown}
 x - a potion of heal wounds {unknown}
 G - 2 potions of degeneration {unknown}
 M - 2 potions of agility {unknown}
Comestibles
 c - 18 rations


   Skills:
 - Level 1.5 Dodging
 - Level 3.0 Stealth
 + Level 10.1 Spellcasting
 + Level 10.8 Conjurations
 + Level 11.2 Fire Magic


You had 17 spell levels left.
You knew the following spells:

 Your Spells              Type           Power        Failure   Level  Hunger
a - Flame Tongue          Conj/Fire      #####        1%          1    None
b - Conjure Flame         Conj/Fire      ######..     1%          3    None
c - Sticky Flame          Conj/Fire      ######..     1%          4    ###....
d - Fireball              Conj/Fire      ######....   1%          5    #####..

Your spell library contained the following spells:

 Spells                   Type           Power        Failure   Level  Hunger
 Olgreb's Toxic Radiance  Pois           #.......     26%         4    ###....
 Throw Flame              Conj/Fire      ######       1%          2    None
 Inner Flame              Hex/Fire       #####...     1%          3    None
 Summon Small Mammal      Summ           #...         11%         1    None
 Call Imp                 Summ           #.......     16%         2    None
 Call Canine Familiar     Summ           #.......     30%         3    None
 Summon Guardian Golem    Hex/Summ       #.......     30%         3    None
 Summon Ice Beast         Ice/Summ       #.......     71%         4    ###....
 Summon Lightning Spire   Summ/Air       #.......     71%         4    ###....


Dungeon Overview and Level Annotations

Branches:
Dungeon (11/15)            Temple (1/1) D:7            Lair (0/6) D:8
    Orc (0/2) D:10

Altars:
Ashenzari
Cheibriados
Dithmenos
Elyvilon
Gozag
Hepliaklqana
Makhleb
Nemelex Xobeh
Okawaru
Qazlal
Ru
Sif Muna
Trog
Uskayaw
Vehumet
Wu Jian
Xom
Yredelemnul
The Shining One

Annotations:
D:11 Snorg


Innate Abilities, Weirdness & Mutations

You cannot wear boots.
Your serpentine skin is tough. (AC +3)
You have supernaturally acute eyesight. (SInv)
Armour fits poorly on your strangely shaped body.
Your system is resistant to poisons. (rPois)
You cover ground very slowly.
You have a slow metabolism.
You can spit poison.


Message History

Aim: Snorg (flame, heavily wounded, berserk, fast, unusually strong)
Okay, then.
Snorg is engulfed in blazing flames.
Snorg bites you but does no damage. Snorg claws you! Snorg claws you.
Snorg is engulfed in blazing flames.
Snorg bites you! Snorg claws you!!
* * * LOW HITPOINT WARNING * * *
Snorg claws you.
* * * LOW HITPOINT WARNING * * *
Casting: Fireball (safe; 1% risk of failure)
Confirm with . or Enter, or press ? or * to list all spells.
Aiming: Sticky Flame (safe; 1% risk of failure)
Press: ? - help, Shift-Dir - straight line, f - Snorg
Aim: Snorg (flame, severely wounded, berserk, fast, unusually strong)
You feel a surge of power!
The sticky flame hits Snorg.
Snorg is severely wounded.
Snorg is covered in liquid flames!
Snorg burns!
Snorg is engulfed in blazing flames.
Snorg bites you!
* * * LOW HITPOINT WARNING * * *
Snorg claws you!
You die...

†###### #####.# #......#
))....### ####'## #####......#
.))...'.## #.....# ##..........#
......#..# #.....####..###......#
......##<###...[.##...## #......#
......##..##.....##.### #...)..#
......###..'.....#..# #......#
......# ####.....T.## #.......
+###### #....@### #......#
####'## #####.## #...# ###.#
#.### #...# ###.##### ####.###
##+#### #.......# #.(....#
.....)### #.......#### #......#
......†.###..........####......#
.....(#..##.......##...........##


You could see Snorg (berserk).

Vanquished Creatures
  2 two-headed ogres
  Nergalle (D:11)
  An unseen horror (D:11)
  2 deep elf magi (D:9)
  Joseph (D:8)
  A kobold demonologist (D:11)
  3 trolls (D:9)
  Grinder (D:3)
  2 hippogriffs
  Sigmund (D:5)
  Eustachio (D:5)
  8 yaks
  4 hogs (D:7)
  A hog (shapeshifter) (D:11)
  A human (D:7)
  4 hungry ghosts
  Edmund (D:5)
  A water moccasin (D:10)
  2 ice beasts
  A phantom (D:6)
  A sky beast (D:3)
  An eye of draining (D:10)
  2 ogres
  6 orc warriors
  2 centaurs
  2 crocodiles
  6 big kobolds (D:11)
  Blork the orc (D:5)
  5 bullfrogs
  5 scorpions
  A troll zombie (D:10)
  4 killer bees (D:11)
  A howler monkey (D:6)
  A centaur zombie (D:9)
  2 crimson imps (D:7)
  A bullfrog zombie (D:10)
  3 jellies
  4 hounds
  8 orc wizards
  7 orc priests
  Crazy Yiuf (D:3)
  A centaur skeleton (D:6)
  A bullfrog skeleton (D:9)
  4 iguanas
  Ijyb (D:6)
  9 worker ants
  7 ogre zombies (D:10)
  A hound zombie (D:5)
  A hound skeleton (D:11)
  3 worker ant zombies
  A howler monkey zombie (D:5)
  11 adders
  2 shadow imps
  3 oozes
  2 adder skeletons
  5 worms
  6 leopard geckos
  38 orcs
  2 ball pythons
  3 bats (D:1)
  6 giant cockroaches
  3 goblins (D:2)
  9 hobgoblins
  4 jackals
  21 kobolds
  3 quokkas
  7 frilled lizards
  2 gnoll zombies (D:8)
  A goblin skeleton (D:10)
  3 goblin zombies (D:10)
  A hobgoblin skeleton (D:10)
  3 hobgoblin zombies (D:10)
  6 orc skeletons (D:10)
  10 orc zombies (D:10)
  2 quokka skeletons
  6 rats
  A fungus (D:3)
292 creatures vanquished.

Notes
Turn   | Place    | Note
-------+----------+-------------------------------------------
     0 | D:1      | Dfrag the Naga Fire Elementalist began the quest for the
                  | Orb.
     0 | D:1      | Reached XP level 1. HP: 15/15 MP: 3/3
   137 | D:1      | Reached XP level 2. HP: 17/22 MP: 5/5
   689 | D:2      | Reached XP level 3. HP: 28/28 MP: 4/6
  1015 | D:2      | Found an opulent altar of Gozag.
  1108 | D:2      | Reached XP level 4. HP: 35/36 MP: 5/8
  1221 | D:3      | Noticed Grinder
  1263 | D:3      | Learned a level 3 spell: Conjure Flame
  1268 | D:3      | Learned a level 4 spell: Sticky Flame
  1393 | D:3      | Noticed a sky beast
  1430 | D:3      | Killed a sky beast
  1430 | D:3      | Reached skill level 4 in Fire Magic
  1430 | D:3      | Reached XP level 5. HP: 6/42 MP: 0/9
  1721 | D:3      | Paralysed by Grinder for 3 turns
  1730 | D:3      | Killed Grinder
  1730 | D:3      | Reached XP level 6. HP: 44/49 MP: 2/11
  2018 | D:3      | Found a stormy altar of Qazlal.
  2192 | D:3      | Found a runed door.
  2196 | D:3      | Noticed Crazy Yiuf
  2200 | D:3      | Killed Crazy Yiuf
  2250 | D:4      | Reached skill level 5 in Fire Magic
  2250 | D:4      | Reached XP level 7. HP: 55/55 MP: 8/13
  2508 | D:4      | Found a hide-covered altar of Uskayaw.
  2678 | D:4      | Learned a level 5 spell: Fireball
  3150 | D:4      | Found a bloodstained altar of Trog.
  3163 | D:5      | Entered Level 5 of the Dungeon
  3163 | D:5      | Noticed Sigmund
  3169 | D:5      | Killed Sigmund
  3169 | D:5      | Reached skill level 5 in Spellcasting
  3169 | D:5      | Reached skill level 5 in Conjurations
  3169 | D:5      | Reached XP level 8. HP: 60/62 MP: 15/15
  3175 | D:5      | Reached skill level 6 in Fire Magic
  3212 | D:5      | Found a burning altar of Makhleb.
  3212 | D:5      | Noticed a blizzard demon
  3361 | D:5      | Noticed Eustachio
  3379 | D:5      | Killed Eustachio
  3495 | D:5      | Noticed Blork the orc
  3506 | D:5      | Killed Blork the orc
  3712 | D:5      | Noticed Edmund
  3719 | D:5      | Killed Edmund
  3743 | D:6      | Noticed Ijyb
  3793 | D:6      | Killed Ijyb
  3826 | D:6      | Reached skill level 7 in Fire Magic
  3868 | D:6      | Found a snail-covered altar of Cheibriados.
  3933 | D:6      | Found an iron altar of Okawaru.
  4044 | D:6      | Reached XP level 9. HP: 66/68 MP: 18/18
  4074 | D:6      | Found a shadowy altar of Dithmenos.
  4431 | D:7      | Found a shattered altar of Ashenzari.
  4507 | D:7      | Reached skill level 8 in Fire Magic
  4619 | D:7      | Found a staircase to the Ecumenical Temple.
  4699 | D:7      | Found a white marble altar of Elyvilon.
  4933 | D:7      | Found a sparkling altar of Nemelex Xobeh.
  5286 | Temple   | Entered the Ecumenical Temple
  5293 | Temple   | Became a worshipper of Vehumet
  5402 | D:8      | Found a shimmering altar of Xom.
  5469 | D:8      | Reached XP level 10. HP: 37/75 MP: 14/21
  5745 | D:8      | Noticed Joseph
  6159 | D:8      | Found a sacrificial altar of Ru.
  6263 | D:8      | Found a staircase to the Lair.
  6318 | D:8      | Found a basalt altar of Yredelemnul.
  6476 | D:8      | Killed Joseph
  6476 | D:8      | Reached skill level 9 in Fire Magic
  6733 | D:9      | Found an ornate altar of the Wu Jian Council.
  6873 | D:9      | Noticed a two-headed ogre
  6886 | D:9      | Killed a two-headed ogre
  7002 | D:9      | Found a hazy altar of Hepliaklqana.
  7353 | D:9      | Found an ornate altar of the Wu Jian Council.
  7353 | D:9      | Noticed a deep elf mage
  7353 | D:9      | Noticed a deep elf mage
  7356 | D:9      | Killed a deep elf mage
  7356 | D:9      | Reached skill level 10 in Fire Magic
  7358 | D:9      | Killed a deep elf mage
  7358 | D:9      | Reached XP level 11. HP: 81/81 MP: 11/24
  7627 | D:10     | Entered Level 10 of the Dungeon
  7721 | D:10     | Reached * piety under Vehumet
  7721 | D:10     | Offered knowledge of Freeze by Vehumet.
  8238 | D:10     | Reached skill level 10 in Conjurations
  8572 | D:10     | Reached ** piety under Vehumet
  8641 | D:10     | Offered knowledge of Magic Dart by Vehumet.
  8978 | D:10     | Found a staircase to the Orcish Mines.
  9175 | D:11     | Noticed a two-headed ogre
  9178 | D:11     | Offered knowledge of Stone Arrow by Vehumet.
  9185 | D:11     | Killed a two-headed ogre
  9267 | D:11     | Reached *** piety under Vehumet
  9327 | D:11     | Noticed Nergalle
  9331 | D:11     | Killed Nergalle
  9343 | D:11     | Noticed an unseen horror
  9343 | D:11     | a black bear changed into an unseen horror
  9344 | D:11     | an unseen horror changed into a golden eye
  9468 | D:11     | Reached skill level 11 in Fire Magic
  9510 | D:11     | Offered knowledge of Olgreb's Toxic Radiance by Vehumet.
  9530 | D:11     | Reached skill level 10 in Spellcasting
  9672 | D:11     | Noticed an unseen horror
  9676 | D:11     | Killed an unseen horror
  9847 | D:11     | Reached **** piety under Vehumet
  9863 | D:11     | Noticed Snorg
  9873 | D:11     | HP: 1/81 [Snorg (17)]
  9873 | D:11     | Demolished by Snorg

Vault maps used:
D:1:      dpeg_arrival_water_altar
D:2:      first_ration, grunt_gozag_breadcrumbs
D:3:      minmay_angry_zag, nicolae_overflow_crystal_walls,
          uniq_crazy_yiuf_cottage, uniq_grinder, uniq_ijyb
D:4:      eat_drink_and_be_merry_uskayaw, lightli_temple_of_fire
D:5:      chequers_decorated_corner, makhleb_altar_promises_db,
          uniq_blork_the_orc, uniq_sigmund, uniq_eustachio, uniq_edmund
D:6:      grunt_dithmenos_shadows, okawaru_metal_pillars_3,
          lemuel_crystal_altar, grunt_ministairs_1
D:7:      elyvilon_altar_5, ashenzari_altar_1, minmay_temple_entry_proselytizer,
          kb_lookout_dungeons_type, hangedman_decor_points, grunt_livestock,
          eino_small_chamber_without_monster, nemelex_lonely_heart_becter
D:8:      nicolae_ru_sacrificial_ziggurat, lemuel_crystal_altar,
          lemuel_zombie_altar_yredelemnul, dpeg_oklobed_lair, uniq_joseph
D:9:      old_standard_altar, lemuel_crystal_altar, david_defended_altar_elf
D:10:     zombieorc2_lemuel, grunt_decor_mini_mirrors
D:11:     uniq_nergalle, uniq_snorg
Temple:   compressed_dpeg_triangle_lava_temple

Skill      XL: |  1  2  3  4  5  6  7  8  9 10 11 |
---------------+----------------------------------+-----
Conjurations   | 2 3 4 5 6 7 9 10 | 10.8
Spellcasting   | 3 4 5 6 7 9 10 | 10.1
Fire Magic     | 4 5 7 8 10 11 | 11.2
Dodging        | |  1.5
Stealth        | |  3.0

Action                   |  1- 3 |  4- 6 |  7- 9 | 10-12 || total
-------------------------+-------+-------+-------+-------++-------
Melee: Unarmed           |    18 |    11 |    13 |       ||    42
       Dire flail        |       |       |    98 |   120 ||   218
 Cast: Flame Tongue      |    47 |    34 |   166 |    53 ||   300
       Sticky Flame      |       |     4 |    29 |    74 ||   107
       Fireball          |       |       |     5 |    64 ||    69
       Conjure Flame     |       |       |       |     4 ||     4
 Abil: Spit Poison       |    15 |    10 |    14 |     5 ||    44
Evoke: Wand              |       |       |       |     2 ||     2
  Use: Scroll            |       |     5 |     6 |       ||    11
  Eat: Chunk             |     2 |     4 |    16 |    33 ||    55
       Ration            |       |       |       |     1 ||     1
Armor: Robe              |     7 |     8 |    91 |    78 ||   184
       Leather armour    |       |       |       |    11 ||    11
Dodge: Dodged            |    34 |    21 |   124 |   127 ||   306

Table legend:
 A = Non-vault XP
 B = Vault XP
 C = Vault XP percentage of total XP
 D = Non-vault monster count
 E = Vault monster count
 F = Vault count percentage of total count
                 A         B        C        D         E       F
            +---------+---------+-------+---------+---------+-------
      Total |   11943 |    5705 |  32.3 |     229 |      62 |  21.3
            +---------+---------+-------+---------+---------+-------
        D:1 |      25 |       0 |   0.0 |      17 |       0 |   0.0
        D:2 |      72 |       0 |   0.0 |      19 |       0 |   0.0
        D:3 |      43 |     457 |  91.4 |      15 |       6 |  28.6
        D:4 |     464 |       0 |   0.0 |      31 |       0 |   0.0
        D:5 |     144 |     671 |  82.3 |      10 |       4 |  28.6
        D:6 |     363 |     267 |  42.4 |      11 |       4 |  26.7
        D:7 |     714 |    1130 |  61.3 |      16 |       7 |  30.4
        D:8 |     711 |     495 |  41.0 |      15 |       3 |  16.7
        D:9 |    3614 |    1358 |  27.3 |      24 |       3 |  11.1
       D:10 |    1537 |     507 |  24.8 |      24 |      34 |  58.6
       D:11 |    4256 |     820 |  16.2 |      47 |       1 |   2.1
            +---------+---------+-------+---------+---------+-------
